SKY
CALIFORNIA ANGELS @ MONTREAL EXPOS
07/12/2052
 
TOP OF THE 1ST
California Angels batting - Pitching for Montreal Expos : LHP Javy Piña
Pitching: LHP Javy Piña
Batting: LHB Archer Carol 0-0: Ball
1-0: Foul Ball, location: 23FF
1-1: Swinging Strike
1-2: Ball
2-2: Strikes out swinging
Batting: RHB River Grote 0-0: Called Strike
0-1: Ball
1-1: Swinging Strike
1-2: Strikes out swinging
Batting: RHB Isaac Keenan 0-0: Foul Ball, location: 3FF
0-1: Ball
1-1: Ball
2-1: Foul Ball, location: 7LDF
2-2: Ball
3-2: Foul Ball, location: 9LDF
3-2: Foul Ball, location: 9LMF
3-2: SINGLE (Groundball, 13, EV 65.0 MPH) (infield hit)
Batting: RHB Luke Storey 0-0: Ball
Isaac Keenan steals 2nd base
1-0: Ball
2-0: Ground out 6-3 (Groundball, 6, EV 86.3 MPH)
Top of the 1st over - 0 runs, 1 hit, 0 errors, 1 left on base; California 0 - Montreal 0
BOTTOM OF THE 1ST
Montreal Expos batting - Pitching for California Angels : LHP Jeremy Lawton
Pitching: LHP Jeremy Lawton
Batting: SHB Dylan Jakab 0-0: Called Strike
0-1: Foul Ball, location: 23FF
0-2: Strikes out swinging
Batting: LHB Jimmy Miramontes 0-0: Ball
1-0: Ball
2-0: Called Strike
2-1: Foul Ball, location: 2F
2-2: Ground out 1-3 (Groundball, 13S, EV 75.0 MPH)
Batting: RHB Brian Ottman 0-0: Called Strike
0-1: Ball
1-1: Ball
2-1: DOUBLE (Line Drive, 89XD, EV 106.3 MPH)
Batting: RHB Ricky Sytsma 0-0: Called Strike
0-1: Swinging Strike
0-2: Ball
1-2: Ball
2-2: Ball
3-2: Base on Balls
Batting: RHB Jin-Seo Yun 0-0: Foul Ball, location: 3FF
0-1: Foul Ball, location: 2F
0-2: Foul Ball, location: 2LF
0-2: Foul Ball, location: 2F
0-2: Foul Ball, location: 5SF
0-2: Hit by Pitch
Brian Ottman to third
Ricky Sytsma to second
Batting: LHB Valentin Suárez 0-0: Called Strike
0-1: Ball
1-1: Called Strike
1-2: Strikes out swinging
Bottom of the 1st over - 0 runs, 1 hit, 0 errors, 3 left on base; California 0 - Montreal 0
TOP OF THE 2ND
California Angels batting - Pitching for Montreal Expos : LHP Javy Piña
Batting: SHB Michael Dodson 0-0: Foul Ball, location: 9LMF
0-1: Called Strike
0-2: Foul Ball, location: 2RF
0-2: Ball
1-2: DOUBLE (Flyball, 78D, EV 93.1 MPH)
Batting: LHB Skyler Angelillo 0-0: Called Strike
0-1: Fly out, F9 (Flyball, 9D, EV 95.6 MPH)
Runner from 2nd tags up, SAFE at 3rd, no throw by RF
Batting: RHB Reed Sinclair 0-0: Ball
1-0: Foul Ball, location: 2F
1-1: Ball
2-1: Ball
3-1: Fly out, F2 (Popup, 25F, EV 86.3 MPH)
Batting: RHB Jess Granberg 0-0: Called Strike
0-1: Foul Ball, location: 2F
0-2: Ball
1-2: Ball
2-2: Foul Ball, location: 3F
2-2: Ball
3-2: Foul Ball, location: 5F
3-2: Foul Ball, location: 2LF
3-2: Foul Ball, location: 5SF
3-2: Foul Ball, location: 2F
3-2: Base on Balls
Pitching: RHP Justin Adkins
Batting: LHB Drury Robinson 0-0: Called Strike
0-1: Called Strike
0-2: Ball
1-2: Ball
2-2: Fly out, F8 (Line Drive, 8RD, EV 87.5 MPH)
Top of the 2nd over - 0 runs, 1 hit, 0 errors, 2 left on base; California 0 - Montreal 0
BOTTOM OF THE 2ND
Montreal Expos batting - Pitching for California Angels : LHP Jeremy Lawton
Batting: RHB Rusty Reffitt 0-0: Ball
1-0: Ball
2-0: SINGLE (Line Drive, 4D, EV 95.0 MPH)
Batting: RHB Ayden Wilmers 0-0: Ball
1-0: Ball
2-0: Called Strike
2-1: Foul Ball, location: 2F
2-2: Ball
3-2: Strikes out swinging
Batting: LHB Hugo Texido 0-0: Ball
1-0: Foul Ball, location: 2F
1-1: Ball
2-1: Swinging Strike
2-2: Foul Ball, location: 7LSF
2-2: Foul Ball, location: 3SF
2-2: Strikes out looking
Batting: SHB Dylan Jakab 0-0: Ball
1-0: Ball
2-0: Fielders Choice at 2nd, 6-4 (Groundball, 6, EV 102.5 MPH)
Bottom of the 2nd over - 0 runs, 1 hit, 0 errors, 1 left on base; California 0 - Montreal 0
TOP OF THE 3RD
California Angels batting - Pitching for Montreal Expos : RHP Justin Adkins
Batting: LHB Archer Carol 0-0: Foul Ball, location: 25F
0-1: Called Strike
0-2: Ball
1-2: Ball
2-2: SINGLE (Groundball, 34, EV 101.9 MPH)
Batting: RHB River Grote 0-0: Swinging Strike
0-1: Foul Ball, location: 7LSF
0-2: Ball
1-2: Foul Ball, location: 7LMF
1-2: Ball
2-2: Foul Ball, location: 7LMF
2-2: Ball
3-2: SINGLE (Line Drive, 4D, EV 97.5 MPH)
Archer Carol to second
Archer Carol to third
Pitching: RHP Max Mangan
Batting: RHB Isaac Keenan 0-0: Called Strike
0-1: Swinging Strike
0-2: Strikes out swinging
Batting: RHB Luke Storey 0-0: Ball
1-0: Ball
2-0: Swinging Strike
2-1: Swinging Strike
2-2: Fly out, F8 (Flyball, 8RD, EV 89.4 MPH)
Runner from 3rd tags up, SCORES, no throw by CF
Batting: SHB Michael Dodson 0-0: SINGLE (Line Drive, 34D, EV 100.0 MPH)
River Grote to second
Runner from 2nd tries for 3rd, SAFE, no throw by RF
Batting: LHB Skyler Angelillo 0-0: Called Strike
0-1: Ball
1-1: Ground out 4-3 (Groundball, 4, EV 83.1 MPH)
Top of the 3rd over - 1 run, 3 hits, 0 errors, 2 left on base; California 1 - Montreal 0
BOTTOM OF THE 3RD
Montreal Expos batting - Pitching for California Angels : LHP Jeremy Lawton
Batting: LHB Jimmy Miramontes 0-0: Foul Ball, location: 2F
0-1: Swinging Strike
0-2: Strikes out swinging
Batting: RHB Brian Ottman 0-0: Called Strike
0-1: Ball
1-1: Ball
2-1: SINGLE (Line Drive, 34D, EV 96.3 MPH)
Batting: RHB Ricky Sytsma 0-0: Ball
1-0: Called Strike
1-1: Foul Ball, location: 3F
1-2: Hit by Pitch
Brian Ottman to second
Batting: RHB Jin-Seo Yun 0-0: Fly out, F8 (Line Drive, 78D, EV 88.8 MPH)
Batting: LHB Valentin Suárez 0-0: Ball
1-0: Ball
2-0: Ball
3-0: Base on Balls
Brian Ottman to third
Ricky Sytsma to second
Batting: RHB Rusty Reffitt 0-0: Ball
1-0: Foul Ball, location: 2LF
1-1: Ball
2-1: Swinging Strike
2-2: Strikes out swinging
Bottom of the 3rd over - 0 runs, 1 hit, 0 errors, 3 left on base; California 1 - Montreal 0
TOP OF THE 4TH
California Angels batting - Pitching for Montreal Expos : RHP Max Mangan
Batting: RHB Reed Sinclair 0-0: Ball
1-0: Ball
2-0: SINGLE (Flyball, 89S, EV 95.0 MPH)
Batting: RHB Jess Granberg 0-0: Swinging Strike
0-1: Sac Bunt to 13S - play at first, batter OUT! 1-3
Reed Sinclair to second
Batting: LHB Drury Robinson 0-0: Foul Ball, location: 2F
0-1: Ground out 3-1 (Groundball, 3L, EV 103.8 MPH)
Reed Sinclair to third
Batting: LHB Archer Carol 0-0: Foul Ball, location: 5F
0-1: SINGLE (Groundball, 6MD, EV 96.3 MPH)
Reed Sinclair scores
Batting: RHB River Grote 0-0: Ball
1-0: Swinging Strike
1-1: Ball
2-1: Foul Ball, location: 2F
2-2: Fielders Choice at 2nd, 5-4 (Groundball, 5L, EV 99.4 MPH)
Top of the 4th over - 1 run, 2 hits, 0 errors, 1 left on base; California 2 - Montreal 0
BOTTOM OF THE 4TH
Montreal Expos batting - Pitching for California Angels : LHP Jeremy Lawton
Batting: RHB Ayden Wilmers 0-0: Ground out 6-3 (Groundball, 6, EV 87.5 MPH)
Batting: LHB Hugo Texido 0-0: Called Strike
0-1: Ball
1-1: Foul Ball, location: 5F
1-2: Strikes out swinging
Batting: SHB Dylan Jakab 0-0: Foul Ball, location: 3SF
0-1: Ball
1-1: Ball
2-1: Fly out, F9 (Flyball, 9D, EV 91.3 MPH)
Bottom of the 4th over - 0 runs, 0 hits, 0 errors, 0 left on base; California 2 - Montreal 0
TOP OF THE 5TH
California Angels batting - Pitching for Montreal Expos : RHP Max Mangan
Batting: RHB Isaac Keenan 0-0: Ball
1-0: Ball
2-0: Ball
3-0: Called Strike
3-1: Swinging Strike
3-2: Ground out 6-3 (Groundball, 6, EV 103.1 MPH)
Batting: RHB Luke Storey 0-0: SINGLE (Groundball, 6D, EV 98.8 MPH)
Batting: SHB Michael Dodson 0-0: Ball
1-0: Fly out, F8 (Flyball, 78M, EV 79.4 MPH)
Batting: LHB Skyler Angelillo 0-0: Fielders Choice at 2nd, 4-6 (Groundball, 4MD, EV 103.8 MPH)
Top of the 5th over - 0 runs, 1 hit, 0 errors, 1 left on base; California 2 - Montreal 0
BOTTOM OF THE 5TH
Montreal Expos batting - Pitching for California Angels : LHP Jeremy Lawton
Batting: LHB Jimmy Miramontes 0-0: Foul Ball, location: 25FF
0-1: Ball
1-1: SINGLE (Line Drive, 78S, EV 101.9 MPH)
Batting: RHB Brian Ottman 0-0: Ball
1-0: SINGLE (Line Drive, 34D, EV 100.0 MPH)
Jimmy Miramontes to second
Batting: RHB Ricky Sytsma 0-0: Called Strike
0-1: Called Strike
0-2: Ball
1-2: Ball
2-2: Ball
3-2: Foul Ball, location: 5SF
3-2: Strikes out swinging
Batting: RHB Jin-Seo Yun 0-0: Foul Ball, location: 23F
0-1: Ball
1-1: Swinging Strike
1-2: Strikes out looking
Batting: LHB Valentin Suárez 0-0: Ball
1-0: Foul Ball, location: 2LF, Error on foul ball, E2
1-1: SINGLE (Flyball, 6MD, EV 90.6 MPH)
Jimmy Miramontes to third
Brian Ottman to second
Runner from 3rd tries for Home, SAFE, throw by CF to home
Batting: RHB Rusty Reffitt 0-0: Ball
1-0: Foul Ball, location: 2F
1-1: Foul Ball, location: 7LDF
1-2: Strikes out swinging
Bottom of the 5th over - 1 run, 3 hits, 1 error, 2 left on base; California 2 - Montreal 1
TOP OF THE 6TH
California Angels batting - Pitching for Montreal Expos : RHP Max Mangan
Batting: RHB Reed Sinclair 0-0: Called Strike
0-1: Ball
1-1: Swinging Strike
1-2: Strikes out looking
Pitching: LHP Roger Johnson
Batting: RHB Jess Granberg 0-0: Called Strike
0-1: Ball
1-1: Called Strike
1-2: Ground out 5-3 (Groundball, 56S, EV 84.4 MPH)
Batting: LHB Drury Robinson 0-0: Ball
1-0: Foul Ball, location: 9LDF
1-1: Swinging Strike
1-2: Strikes out swinging
Top of the 6th over - 0 runs, 0 hits, 0 errors, 0 left on base; California 2 - Montreal 1
BOTTOM OF THE 6TH
Montreal Expos batting - Pitching for California Angels : LHP Jeremy Lawton
Pitching: LHP Ricart Pena
Batting: RHB Ayden Wilmers 0-0: Swinging Strike
0-1: Ball
1-1: Swinging Strike
1-2: Strikes out looking
Batting: LHB Hugo Texido 0-0: Ball
1-0: Called Strike
1-1: Ball
2-1: Called Strike
2-2: Strikes out swinging
Batting: SHB Dylan Jakab 0-0: Called Strike
0-1: DOUBLE (Flyball, 8RXD, EV 101.9 MPH)
Batting: LHB Jimmy Miramontes 0-0: Ball
1-0: SINGLE (Groundball, 4MD, EV 95.6 MPH) (infield hit)
Dylan Jakab to third
Batting: RHB Brian Ottman 0-0: Ball
1-0: Ball
2-0: Ball
3-0: Base on Balls
Jimmy Miramontes to second
Batting: RHB Ricky Sytsma 0-0: Called Strike
0-1: Called Strike
0-2: SINGLE (Groundball, 4MD, EV 101.3 MPH)
Dylan Jakab scores
Jimmy Miramontes to third
Brian Ottman to second
Runner from 3rd tries for Home, SAFE, throw by CF to home
Batting: RHB Jin-Seo Yun 0-0: SINGLE (Groundball, P, EV 80.6 MPH) (infield hit)
Brian Ottman to third
Ricky Sytsma to second
Batting: LHB Valentin Suárez 0-0: Called Strike
0-1: Foul Ball, location: 2F
0-2: Strikes out looking
Bottom of the 6th over - 2 runs, 4 hits, 0 errors, 3 left on base; California 2 - Montreal 3
TOP OF THE 7TH
California Angels batting - Pitching for Montreal Expos : LHP Roger Johnson
Batting: LHB Archer Carol 0-0: Ball
1-0: Foul Ball, location: 2F
1-1: Ball
2-1: Called Strike
2-2: Ball
3-2: Fly out, F8 (Flyball, 8RD, EV 95.0 MPH)
Batting: RHB River Grote 0-0: Called Strike
0-1: Foul Ball, location: 2RF
0-2: Ball
1-2: Strikes out looking
Batting: RHB Isaac Keenan 0-0: Called Strike
0-1: Swinging Strike
0-2: Ball
1-2: Strikes out swinging
Top of the 7th over - 0 runs, 0 hits, 0 errors, 0 left on base; California 2 - Montreal 3
BOTTOM OF THE 7TH
Montreal Expos batting - Pitching for California Angels : LHP Ricart Pena
Batting: RHB Rusty Reffitt 0-0: Fly out, F9 (Flyball, 9, EV 88.8 MPH)
Batting: RHB Ayden Wilmers 0-0: Called Strike
0-1: Swinging Strike
0-2: Ball
1-2: Ball
2-2: Ball
3-2: SINGLE (Groundball, P, EV 79.4 MPH) (infield hit)
Batting: LHB Hugo Texido 0-0: Ball
1-0: Ball
2-0: Foul Ball, location: 2F
2-1: Foul Ball, location: 3F
2-2: Grounds into double play, 3-6-3 (Groundball, 34S, EV 78.1 MPH)
Bottom of the 7th over - 0 runs, 1 hit, 0 errors, 0 left on base; California 2 - Montreal 3
TOP OF THE 8TH
California Angels batting - Pitching for Montreal Expos : LHP Roger Johnson
Batting: RHB Luke Storey 0-0: Called Strike
0-1: SOLO HOME RUN (Flyball, 7D, EV 98.1 MPH), Distance : 387 ft
Pitching: RHP Zach Strain
Batting: SHB Michael Dodson 0-0: Ball
1-0: Called Strike
1-1: Ball
2-1: Ball
3-1: Foul Ball, location: 5F
3-2: Fly out, F9 (Flyball, 9, EV 97.5 MPH)
Batting: LHB Skyler Angelillo 0-0: Called Strike
0-1: Ball
1-1: Swinging Strike
1-2: Ball
2-2: Strikes out looking
Batting: LHB Adrian Phillips 0-0: Swinging Strike
0-1: Ball
1-1: Swinging Strike
1-2: Strikes out looking
Top of the 8th over - 1 run, 1 hit, 0 errors, 0 left on base; California 3 - Montreal 3
BOTTOM OF THE 8TH
Montreal Expos batting - Pitching for California Angels : LHP Ricart Pena
Pitching: RHP Marc Bernal
Batting: SHB Dylan Jakab 0-0: Called Strike
0-1: Foul Ball, location: 5SF
0-2: Ball
1-2: Strikes out swinging
Batting: LHB Jimmy Miramontes 0-0: Ball
1-0: DOUBLE (Line Drive, 7LS, EV 90.0 MPH)
Batting: RHB Brian Ottman 0-0: Swinging Strike
0-1: Ball
1-1: Ball
2-1: Foul Ball, location: 2F
2-2: Foul Ball, location: 9LDF
2-2: DOUBLE (Line Drive, 8RXD, EV 103.1 MPH)
Jimmy Miramontes scores
Batting: RHB Ricky Sytsma 0-0: Called Strike
0-1: Ball
1-1: Ball
2-1: Foul Ball, location: 25F
2-2: Ball
3-2: Fly out, F8 (Flyball, 8RD, EV 93.1 MPH)
Runner from 2nd tags up, OUT at 3rd! 8-5
Bottom of the 8th over - 1 run, 2 hits, 0 errors, 0 left on base; California 3 - Montreal 4
TOP OF THE 9TH
California Angels batting - Pitching for Montreal Expos : RHP Zach Strain
Batting: RHB Jess Granberg 0-0: Ball
1-0: SINGLE (Popup, 3D, EV 50.0 MPH)
Batting: LHB Drury Robinson 0-0: Bunted foul
0-1: Sac Bunt to 3S - play at first, batter safe!
Jess Granberg to second
Batting: LHB Archer Carol 0-0: Foul Ball, location: 2F
0-1: Ball
1-1: Fly out, F3 (Popup, 3SF, EV 80.6 MPH)
Pitching: LHP Justin Ayer
Batting: RHB River Grote 0-0: Ball
1-0: Called Strike
1-1: Swinging Strike
1-2: Ball
2-2: Foul Ball, location: 2F
2-2: SINGLE (Line Drive, 8RS, EV 103.8 MPH)
Jess Granberg to third
Drury Robinson to second
Runner from 3rd tries for Home, SAFE, throw by CF to home
Batting: RHB Isaac Keenan 0-0: Foul Ball, location: 9LMF
0-1: Foul Ball, location: 9LMF
0-2: Strikes out swinging
Batting: RHB Luke Storey 0-0: Ball
1-0: Called Strike
1-1: SINGLE (Line Drive, 9S, EV 95.0 MPH)
Drury Robinson to third
River Grote to second
Runner from 3rd tries for Home, SAFE, throw by RF to home
Batting: SHB Michael Dodson 0-0: Foul Ball, location: 2F
0-1: Swinging Strike
0-2: Strikes out looking
Top of the 9th over - 2 runs, 4 hits, 0 errors, 2 left on base; California 5 - Montreal 4
BOTTOM OF THE 9TH
Montreal Expos batting - Pitching for California Angels : RHP Marc Bernal
Now at 1B: Sebastian Hines
Pinch Hitting: LHB Maverik Tullos 0-0: Called Strike
0-1: Ball
1-1: Ball
2-1: Foul Ball, location: 7LMF
2-2: Foul Ball, location: 23F
2-2: Foul Ball, location: 7LSF
2-2: Strikes out swinging
Batting: LHB Valentin Suárez 0-0: Called Strike
0-1: Foul Ball, location: 2F
0-2: Strikes out swinging
Pinch Hitting: LHB Daryl Henderson 0-0: Foul Ball, location: 2F
0-1: Ground out 6-3 (Groundball, 4M, EV 84.4 MPH)
Bottom of the 9th over - 0 runs, 0 hits, 0 errors, 0 left on base; California 5 - Montreal 4
Sunday, April 28th , 2024 - OOTP Baseball 24.11 Build 85